 Dungeon Crawl Stone Soup version 0.32-a0-43-g058985b245 (webtiles) character file.

Game seed: 6756627762884605489

397 jlumianski the Ruffian (level 6, -4/47 HPs)
             Began as a Gnoll Shapeshifter on Feb 3, 2024.
             Splashed by a jelly's acid (6 damage)
             ... in the Ecumenical Temple.
             The game lasted 00:14:44 (3379 turns).

jlumianski the Ruffian (Gnoll Shapeshifter)         Turns: 3379, Time: 00:14:45

Health: -4/47      AC: -4    Str: 15    XL:     6   Next: 83%
Magic:  9/9        EV: 10    Int: 10    God:
Gold:   141        SH:  0    Dex: 11    Spells: 9/9 levels left

rFire   . .          .
                       - Unarmed
rCold   + . .        (no shield)
rNeg    . . .        r - +1 scale mail {rC+}
rPois   .            (helmet currently unavailable)
rElec   .            (cloak currently unavailable)
rCorr   .            (gloves currently unavailable)
SInv    .            (boots currently unavailable)
Will    .....        (no amulet) Stlth
                     (no ring)
HPRegen 0.27/turn    (no ring)
MPRegen 0.11/turn

%: no passive effects
@: mighty, beast-form, corroded
A: beast (slay +3), fangs 1, strong nose, distributed training
a: Begin Untransformation


You were in the Ecumenical Temple.
You were a hulking beast.
You visited 2 branches of the dungeon, and saw 7 of its levels.

You collected 141 gold pieces.

Inventory:

Missiles
 o - 2 atropa-tipped darts
 q - 7 poisoned darts (quivered)
Armour
 a - a +0 animal skin
 n - a +0 scale mail
 r - a +1 scale mail of cold resistance (worn)
Talismans
 c - a beast talisman
 d - a flux talisman
Scrolls
 g - a scroll of vulnerability
 h - a scroll of fog
 i - 2 scrolls of teleportation
 k - a scroll of amnesia
 m - a scroll of torment
 s - 3 scrolls of poison
Potions
 b - 3 potions of lignification
 e - a potion of haste
 l - 2 potions of enlightenment
 p - a potion of curing
 t - a potion of berserk rage {unknown}


   Skills:
 + Level 3.4 Fighting
 + Level 2.2 Short Blades
 + Level 2.2 Long Blades
 + Level 2.2 Axes
 + Level 2.2 Maces & Flails
 + Level 2.2 Polearms
 + Level 2.2 Staves
 + Level 2.2 Ranged Weapons
 + Level 2.2 Throwing
 + Level 2.2 Armour
 + Level 5.1 Dodging
 + Level 2.2 Stealth
 + Level 2.2 Shields
 + Level 6.9 Unarmed Combat
 + Level 2.2 Spellcasting
 + Level 1.8 Conjurations
 + Level 1.8 Hexes
 + Level 1.8 Summonings
 + Level 1.8 Necromancy
 + Level 1.8 Translocations
 + Level 1.8 Fire Magic
 + Level 1.8 Ice Magic
 + Level 1.8 Air Magic
 + Level 1.8 Earth Magic
 + Level 1.8 Alchemy
 + Level 2.4 Invocations
 + Level 2.2 Evocations
 + Level 6.8 Shapeshifting


You had 9 spell levels left.
You didn't know any spells.
Your spell library contained the following spells:

 Spells                   Type           Power      Damage    Failure   Level
 Magic Dart               Conj           16%        1d3       50%         1
 Necrotise                Necr           16%        1d4       50%         1
 Call Imp                 Summ           8%         N/A       65%         2
 Searing Ray              Conj           8%         2d4       65%         2
 Sublimation of Blood     Necr           4%         N/A       65%         2
 Hailstorm                Conj/Ice       4%         3d5       86%         3
 Summon Ice Beast         Ice/Summ       4%         N/A       86%         3
 Tukima's Dance           Hex            4%         N/A       86%         3
 Vampiric Draining        Necr           4%         2d6       86%         3
 Dispel Undead            Necr           4%         3d7       99%         4
 Fulminant Prism          Conj/Alch      2%         3d5       99%         4
 Martyr's Knell           Necr/Summ      4%         N/A       99%         4
 Curse of Agony           Necr           4%         N/A       100%        5
 Metabolic Englaciation   Hex/Ice        2%         N/A       100%        5
 Conjure Ball Lightning   Conj/Air       2%         3x3d6     100%        6
 Sculpt Simulacrum        Ice/Alch       2%         N/A       100%        6
 Summon Hydra             Summ           2%         N/A       100%        7
 Discord                  Hex            2%         N/A       100%        8
 Disjunction              Tloc           2%         N/A       100%        8
 Infestation              Necr           2%         N/A       100%        8


Dungeon Overview and Level Annotations

Branches:
Dungeon (6/15)             Temple (1/1) D:6

Altars:
Ashenzari
Dithmenos
Gozag
Kikubaaqudgha
Okawaru
Ru
Sif Muna
Uskayaw
Xom
Zin
The Shining One


Innate Abilities, Weirdness & Mutations

You are a hulking beast.
Your limbs bulge with bestial killing power. (Slay +3)
You have very sharp teeth.
Your uncanny sense of smell can sniff out nearby items.
Your experience applies equally to all skills.


Message History

You barely miss the white imp.
The white imp is lightly wounded.
The white imp gestures at you. The puff of frost misses you.
The jelly barely misses you.
You hit the white imp but do no damage.
The white imp is lightly wounded.
The white imp gestures at you. The puff of frost hits you. You resist.
You completely miss the white imp. Your bite misses the white imp.
The white imp is lightly wounded.
The jelly barely misses you.
You punch the white imp! Your bite misses the white imp.
The white imp is almost dead.
The white imp closely misses you. The jelly barely misses you.
You punch the jelly! The acid corrodes you!
Your hands burn!
The jelly is severely wounded.
The white imp hits you.
* * * LOW HITPOINT WARNING * * *
The white imp freezes you. You resist.
* * * LOW HITPOINT WARNING * * *
The jelly hits you.
* * * LOW HITPOINT WARNING * * *
You are splashed with acid!
* * * LOW HITPOINT WARNING * * *
You feel much better. The white imp gestures at you.
The puff of frost hits you. You resist. The jelly barely misses you.
You feel very mighty all of a sudden. The white imp hits you.
The white imp freezes you. You resist. The jelly hits you.
You are splashed with acid!
* * * LOW HITPOINT WARNING * * *
You barely miss the jelly.
The jelly is severely wounded.
The white imp gestures at you. The puff of frost hits you. You resist.
* * * LOW HITPOINT WARNING * * *
The jelly hits you.
* * * LOW HITPOINT WARNING * * *
The acid corrodes you!
You are splashed with acid.
You die...

♣♣♣ ♣♣..♣♣ ♣♣..♣♣ ♣♣
♣_♣♣ ♣♣..♣♣♣♣♣..♣♣ ♣♣_
♣..♣♣ ♣♣...∩...♣♣ ♣♣..
♣♣..♣♣♣♣........♣♣♣..♣
♣♣..♣♣...###....♣..♣♣
♣♣....### ###....♣♣
♣♣...# #...♣♣ ♣5.##
##..♣ ♣h.# #.∩♣ ♣.J##
##..♣ ♣♣...# #...♣♣
♣♣....### ###....♣♣
♣♣..♣....###...♣♣..♣♣
♣♣..♣♣♣........♣♣♣♣..♣
♣..♣♣ ♣♣...∩...♣♣ ♣♣..
♣_♣♣ ♣♣..♣♣♣♣♣..♣♣ ♣♣_
♣♣♣ ♣♣..♣♣ ♣♣..♣♣ ♣♣


You could see a jelly and a white imp.

Vanquished Creatures
  A water moccasin (D:6)
  A black bear (D:4)
  A bombardier beetle (D:4)
  3 gnolls (D:3)
  6 adders
  2 dart slugs (D:3)
  A ribbon worm (D:2)
  6 orcs (D:3)
  6 endoplasms
  8 giant cockroaches
  6 hobgoblins
  2 jackals (D:2)
  6 kobolds
  4 quokkas
  10 ball pythons
  7 bats
  5 goblins
  3 rats
78 creatures vanquished.

Notes
Turn   | Place    | Note
-------+----------+-------------------------------------------
     0 | D:1      | jlumianski the Gnoll Shapeshifter began the quest for the
                  | Orb.
     0 | D:1      | Reached XP level 1. HP: 17/17 MP: 1/1
    77 | D:1      | Reached XP level 2. HP: 22/23 MP: 2/2
   230 | D:2      | Reached XP level 3. HP: 24/28 MP: 3/3
   532 | D:1      | Reached skill level 1 in Invocations
   825 | D:2      | Reached skill level 1 in Short Blades
   825 | D:2      | Reached skill level 1 in Long Blades
   825 | D:2      | Reached skill level 1 in Axes
   825 | D:2      | Reached skill level 1 in Maces & Flails
   825 | D:2      | Reached skill level 1 in Polearms
   825 | D:2      | Reached skill level 1 in Staves
   825 | D:2      | Reached skill level 1 in Ranged Weapons
   825 | D:2      | Reached skill level 1 in Throwing
   825 | D:2      | Reached skill level 1 in Armour
   825 | D:2      | Reached skill level 1 in Stealth
   825 | D:2      | Reached skill level 1 in Shields
   825 | D:2      | Reached skill level 1 in Spellcasting
   825 | D:2      | Reached skill level 1 in Evocations
  1052 | D:2      | Reached XP level 4. HP: 30/34 MP: 5/5
  1419 | D:3      | Reached skill level 1 in Conjurations
  1419 | D:3      | Reached skill level 1 in Hexes
  1419 | D:3      | Reached skill level 1 in Summonings
  1419 | D:3      | Reached skill level 1 in Necromancy
  1419 | D:3      | Reached skill level 1 in Translocations
  1419 | D:3      | Reached skill level 1 in Fire Magic
  1419 | D:3      | Reached skill level 1 in Ice Magic
  1419 | D:3      | Reached skill level 1 in Air Magic
  1419 | D:3      | Reached skill level 1 in Earth Magic
  1419 | D:3      | Reached skill level 1 in Alchemy
  1568 | D:4      | Found an ancient bone altar of Kikubaaqudgha.
  1728 | D:3      | Reached XP level 5. HP: 40/40 MP: 7/7
  2556 | D:3      | Got the Vellum of Dramatic Exits
  2771 | D:5      | Entered Level 5 of the Dungeon
  2814 | D:5      | Found an opulent altar of Gozag.
  2898 | D:4      | Noticed a black bear
  2905 | D:4      | Killed a black bear
  2906 | D:4      | Reached skill level 5 in Dodging
  2906 | D:4      | Reached XP level 6. HP: 47/47 MP: 7/9
  3061 | D:4      | Found a sacrificial altar of Ru.
  3309 | D:6      | Found a staircase to the Ecumenical Temple.
  3319 | Temple   | Entered the Ecumenical Temple
  3326 | D:6      | Noticed a water moccasin
  3341 | D:6      | Killed a water moccasin
  3379 | Temple   | HP: 2/47 [jelly (2)]
  3379 | Temple   | Splashed by a jelly's acid

Illustrated notes

Levels and vault maps discovered:
D:1:      dpeg_arrival_shelter, layout_rooms
D:2:      layout_basic, bh_walls_and_bars
D:3:      layout_loops_corners
D:4:      layout_rooms, mainiacjoe_overflow_alcove_2,
          nicolae_kikubaaqudgha_miasma_corner
D:5:      layout_basic, nicolae_vehumet_altar_sigil, nzn_wu_jian_contemplation,
          mainiacjoe_overflow_brackets, fedhas_altar_2
D:6:      layout_basic, amcnicky_altar_gilded, nicolae_elyvilon_temple_path,
          minmay_temple_entry_statues_pillars, gammafunk_ghost_gnarly_gnolls,
          kennysheep_nondescript, lightli_church_of_beogh, uniq_blork_the_orc,
          uniq_pikel, uniq_crazy_yiuf_cottage
Temple:   hellmonk_temple_forest_ring

Skill      XL: |  1  2  3  4  5 |
---------------+----------------+-----
Invocations    | 1 2 |  2.4
Short Blades   | 1 2 |  2.2
Long Blades    | 1 2 |  2.2
Axes           | 1 2 |  2.2
Maces & Flails | 1 2 |  2.2
Polearms       | 1 2 |  2.2
Staves         | 1 2 |  2.2
Ranged Weapons | 1 2 |  2.2
Throwing       | 1 2 |  2.2
Armour         | 1 2 |  2.2
Stealth        | 1 2 |  2.2
Shields        | 1 2 |  2.2
Spellcasting   | 1 2 |  2.2
Evocations     | 1 2 |  2.2
Conjurations   | 1 |  1.8
Hexes          | 1 |  1.8
Summonings     | 1 |  1.8
Necromancy     | 1 |  1.8
Translocations | 1 |  1.8
Fire Magic     | 1 |  1.8
Ice Magic      | 1 |  1.8
Air Magic      | 1 |  1.8
Earth Magic    | 1 |  1.8
Alchemy        | 1 |  1.8
Fighting       | 3 |  3.4
Dodging        | 5 |  5.1
Unarmed Combat | |  6.9
Shapeshifting  | |  6.8

Action                     |  1- 3 |  4- 6 || total
---------------------------+-------+-------++-------
  Melee: Unarmed           |    52 |   107 ||   159
         Punch             |     3 |     4 ||     7
         Bite              |     2 |    10 ||    12
  Throw: Dart              |       |     8 ||     8
    Use: Scroll            |       |    10 ||    10
         Potion            |       |     3 ||     3
 Armour: Animal skin       |    22 |    13 ||    35
         Scale mail        |       |    70 ||    70
  Dodge: Dodged            |    40 |    71 ||   111

Table legend: (Time is in decaauts)
 A = Elapsed time spent in this place.
 B = Non-inter-level travel time spent in this place.
 C = Inter-level travel time spent in this place.
 D = Time resting spent in this place.
 E = Time spent auto-exploring this place.
 F = Levels seen in this place.
 G = Mean time per level.
                   A        B        C        D        E       F      G
               +--------+--------+--------+--------+--------+-----+--------+
         Total |   3364 |   3347 |     17 |    316 |   1760 |   7 |  480.6 |
       Dungeon |   3350 |   3333 |     17 |    316 |   1760 |   6 |  558.3 |
        Temple |     14 |     14 |      0 |      0 |      0 |   1 |   14.0 |
               +--------+--------+--------+--------+--------+-----+--------+

Top non-repeatable levels by time:
     D:3: 1152 daAuts
     D:2: 906 daAuts
     D:1: 484 daAuts
     D:4: 448 daAuts
     D:5: 274 daAuts
     D:6: 84 daAuts
  Temple: 14 daAuts
